 Dungeon Crawl Stone Soup version 0.18-a0-33-g9e10395 (webtiles) character file.

151090 MrRokkomies the Spry (level 17, 71/89 HPs)
             Began as a Spriggan Conjurer on May 9, 2015.
             Was the Champion of Vehumet.
             Quit the game on level 4 of the Spider Nest on Nov 5, 2015.
             The game lasted 03:35:24 (45182 turns).

MrRokkomies the Spry (Spriggan Conjurer)           Turns: 45182, Time: 03:35:25

Health: 71/89      AC: 14    Str:  7    XL:     17   Next: 0%
Magic:  31/31      EV: 28    Int: 25    God:    Vehumet [******]
Gold:   2646       SH:  0    Dex: 18    Spells: 8 memorised, 3 levels left

rFire  . . .     SeeInvis +     a - +9 quick blade (drain)
rCold  . . .     Clarity  .     I - +3 mottled dragon armour
rNeg   + . .     SustAt   .     (shield restricted)
rPois  +         Gourm    .     l - +2 hat
rElec  .         Spirit   .     W - +0 cloak {+Inv}
rCorr  .         Warding  +     (gloves unavailable)
rMut   .         Stasis   .     (boots unavailable)
MR     ++...                    G - amulet of warding
Stlth  +++++.....               O - ring of poison resistance
                                U - ring "Bamavyet" {+Fly Int+4}

@: repel missiles, very quick, very resistant to hostile enchantments, quite
stealthy
A: unfitting armour, yellow scales 1, see invisible, herbivore 3, speed 3, slow
metabolism 2, strong 1
a: Renounce Religion, Evoke Invisibility, Evoke Flight


You were on level 4 of the Spider Nest.
You worshipped Vehumet.
Vehumet was exalted by your worship.
You were not hungry.

You visited 5 branches of the dungeon, and saw 32 of its levels.
You also visited: Labyrinth, Bailey, Ice Cave and Volcano.

You collected 3461 gold pieces.
You spent 815 gold pieces at shops.

Inventory:

Hand Weapons
 a - a +9 quick blade of draining (weapon)
 P - a +2 blowgun
 V - a +3 rapier of electrocution
Missiles
 p - 43 poisoned needles
 H - 5 curare-tipped needles
Armour
 l - a +2 hat (worn)
 q - a +2 cloak of magic resistance
 I - a +3 mottled dragon armour (worn)
 W - a +0 cloak of invisibility (worn)
Magical Staves
 b - an uncursed staff of energy
 T - an uncursed staff of air
Rods
 v - a +1 rod of destruction (13/13)
   (You found it on level 5 of the Dungeon)
 S - a +4 rod of ignition (13/13)
   (You found it in a labyrinth)
Jewellery
 d - an uncursed ring of ice
 G - an amulet of warding (around neck)
 O - a ring of poison resistance (right hand)
 U - the ring "Bamavyet" (left hand) {+Fly Int+4}
   (You found it on level 3 of the Lair of Beasts)

   [ring of flight]

   It affects your intelligence (+4).
   It lets you fly.
 Y - an uncursed ring of fire
Wands
 k - a wand of frost (31)
 y - a wand of teleportation (0)
 B - a wand of digging (10)
 C - a wand of confusion (18)
 D - a wand of enslavement (7)
 J - a wand of fire (8)
 M - a wand of teleportation (6)
 N - a wand of cold (3)
 Q - a wand of disintegration (20)
 R - a wand of cold (0)
Scrolls
 g - 2 scrolls of magic mapping
 j - 2 scrolls of fear
 n - 10 scrolls of remove curse
 o - 6 scrolls of identify
 u - a scroll of blinking
 x - 2 scrolls of silence
 A - 4 scrolls of teleportation
 E - 2 scrolls of holy word
 F - 2 scrolls of fog
Potions
 e - 15 potions of curing
 f - 8 potions of heal wounds
 h - a potion of haste
 i - 2 potions of agility
 m - 5 potions of brilliance
 r - a potion of ambrosia
 t - 5 potions of magic
 w - 2 potions of resistance
 z - 2 potions of might
 K - 5 potions of invisibility
 L - 2 potions of cancellation
 X - a potion of flight
Miscellaneous
 s - a sack of spiders {used: 3}
Comestibles
 c - 10 bread rations


   Skills:
 - Level 10.0 Fighting
 - Level 10.0 Short Blades
 - Level 15.0 Dodging
 - Level 10.0 Stealth
   Level 5.1 Shields
 - Level 9.3 Spellcasting
 * Level 12.3 Conjurations
 - Level 7.0 Charms
 - Level 10.0 Summonings
 - Level 5.2 Translocations
 - Level 7.2 Air Magic
 - Level 10.1 Evocations


You had 3 spell levels left.
You knew the following spells:

 Your Spells              Type           Power        Failure   Level  Hunger
a - Magic Dart            Conj           ####         1%          1    None
b - Spellforged Servitor  Conj/Summ      ######....   36%         7    #######
c - Iskenderun's Battles  Conj/Chrm      ######..     1%          5    ####...
d - Iskenderun's Mystic   Conj           ######..     1%          4    #......
e - Airstrike             Air            #####.....   1%          4    #......
f - Blink                 Tloc           N/A          1%          2    None
g - Repel Missiles        Chrm/Air       #####.       1%          2    None
h - Conjure Ball Lightni  Conj/Air       ######....   9%          6    ######.


Dungeon Overview and Level Annotations

Branches:
Dungeon (15/15)            Temple (1/1) D:5            Lair (8/8) D:9
 Shoals (0/5) Lair:6       Spider (4/5) Lair:6        Slime (0/6) Lair:7
    Orc (4/4) D:12            Elf (0/3) Orc:3        Vaults (0/5) D:14
 Depths (0/5) D:15

Altars:
Dithmenos
Fedhas
Kikubaaqudgha
Makhleb
Nemelex Xobeh
Okawaru
Qazlal
Ru
Trog
Vehumet
Xom
Yredelemnul
Zin
The Shining One
Jiyva

Shops:
D:4 (*   D:6 *   D:7 (   D:14 *   Orc:4 }*%?

Annotations:
D:9 1 runed door


Innate Abilities, Weirdness & Mutations

You are tiny and cannot use many weapons and most armour.
You have supernaturally acute eyesight.
You are a herbivore.
You cover ground extremely quickly.
You need consume almost no food.
You are partially covered in yellow scales (AC +2).
Your muscles are strong. (Str +2)


Message History

The demonic crawler is almost dead.
The demonic crawler completely misses you.
The demonic crawler closely misses you.
The demonic crawler completely misses you.
You barely miss the demonic crawler.
The demonic crawler is almost dead.
You hit the demonic crawler.
You kill the demonic crawler!
Vehumet accepts your kill.
You have reached level 17!
Save game and exit?
Welcome back, MrRokkomies the Spriggan Conjurer.
Vehumet says: Let it end in hellfire!
Press ? for a list of commands and other information.
Welcome back, MrRokkomies the Spriggan Conjurer.
Vehumet says: Let it end in hellfire!
Press ? for a list of commands and other information.
Quiver which item? (- for none, * to show all) (? for menu, Esc to quit)
Okay, then.
Are you sure you want to abandon this character and quit the game? (Confirm with "yes".)

#.........#### ≈≈≈
....##.......### ≈.#≈...
..............≈ #.......
..............##........
......[.....###≈≈.....^.
............^.#.#.......
....>.^......#..#.......
.......#..^......^......
...#...≈...#^..^@†......
...≈..≈#........^.......
...#.≈#≈#^......#≈#.....
...#...≈........#.# ..##
.......#...<.....^. ##
.......≈...........#
.^.^.#.#..........##
##^...≈#.#........≈
.......# . .


There were no monsters in sight!

Vanquished Creatures
  Norris (Spider:3)
  Nikola (Spider:3)
  Rupert (Spider:1)
  Agnes (Spider:1)
  Donald (Spider:3)
  Louise (Spider:3)
  An emperor scorpion (Spider:1)
  2 ghost moths
  An ettin (D:15)
  Snorg (D:11)
  A minotaur (Lab)
  A yaktaur captain (D:14)
  8 hydras
  A rakshasa (D:15)
  3 ogre magi (D:15)
  2 entropy weavers (Spider:3)
  Harold (Orc:3)
  5 centaur warriors
  A tengu warrior (D:15)
  5 orc high priests (Orc:4)
  3 death yaks
  A queen ant (Lair:7)
  Sonja (D:10)
  An ice devil (IceCv)
  4 unseen horrors
  3 hill giants
  An ice statue (Lair:5)
  A deep troll (D:15)
  9 orc knights
  14 orb spiders
  10 ugly things
  4 cyclopes
  3 orc sorcerers
  20 wolf spiders
  5 hornets
  4 centaur zombies
  3 toenail golems (Volcano)
  2 sirens (Lair:6)
  10 elephants
  9 black mambas
  A centaur skeleton (D:12)
  3 moths of wrath
  17 spiny frogs
  A torpor snail (Lair:5)
  A guardian serpent (Lair:8)
  A fire drake (Lair:4)
  8 demonic crawlers
  12 komodo dragons
  An efreet (D:12)
  2 gargoyles (D:15)
  2 yaktaurs (D:14)
  4 blue devils (IceCv)
  A polar bear (Lair:5)
  13 jumping spiders
  A freezing wraith (Lair:5)
  6 trolls
  2 two-headed ogres
  2 merfolk (Lair:6)
  Prince Ribbit (D:8)
  26 blink frogs
  4 snapping turtles (D:14)
  5 humans (Volcano)
  5 shadows
  3 deep elf magi
  7 tarantellas
  A vampire (D:14)
  6 wyverns
  A wraith (D:15)
  Sigmund (D:2)
  6 water elementals (D:14)
  28 redbacks
  18 trapdoor spiders
  60 yaks
  The ghost of Kisielow the Covered, an average MiFi (D:4)
  3 basilisks
  12 hippogriffs
  8 vampire mosquitoes
  3 mottled dragons
  6 wolves (Lair:4)
  21 water moccasins
  A warg (Orc:2)
  5 soldier ants (Lair:7)
  37 orc warriors
  Duvessa (D:6)
  10 porcupines
  12 ice beasts
  3 wasps
  2 black bears
  23 spiders
  A sky beast (D:11)
  19 ogres
  3 centaurs
  5 phantoms
  19 crocodiles
  21 giant frogs
  A big kobold (D:8)
  A brain worm (D:15)
  A wyvern zombie (D:14)
  Dowan (D:6)
  5 scorpions
  A wyvern skeleton (D:6)
  2 water moccasin skeletons
  7 wights
  12 killer bees
  2 crimson imps
  7 electric eels
  3 quasits
  2 giant frog zombies
  4 jellies
  36 orc priests
  Ijyb (D:2)
  26 orc wizards
  22 worker ants
  Jessica (D:2)
  5 hounds
  3 giant frog skeletons
  15 iguanas
  Natasha (D:2)
  4 sheep (Lair:5)
  2 hound skeletons (D:10)
  Robin (D:3)
  16 adders
  4 shadow imps
  93 river rats
  22 white imps
  7 ufetubi (IceCv)
  2 oozes
  2 worms
  An adder skeleton (D:7)
  3 giant geckos
  171 orcs
  A ball python (D:7)
  2 giant cockroaches
  34 goblins
  28 hobgoblins
  9 jackals
  6 quokkas
  17 bats
  6 giant newts
  18 kobolds
  2 quokka zombies
  24 rats
  A fungus (Lair:3)
1248 creatures vanquished.

Vanquished Creatures (collateral kills)
  A trapdoor spider (Spider:1)
  An orc priest (D:7)
  3 orcs (D:7)
5 creatures vanquished.

Vanquished Creatures (others)
  An orb spider (Spider:3)
  A human (Volcano)
  A jelly (D:7)
  A white imp (IceCv)
  3 ufetubi (IceCv)
  8 fungi
  A plant (Lair:8)
16 creatures vanquished.

Grand Total: 1269 creatures vanquished

Notes
Turn   | Place    | Note
--------------------------------------------------------------
     0 | D:1      | MrRokkomies, the Spriggan Conjurer, began the quest for the Orb.
     0 | D:1      | Reached XP level 1. HP: 9/9 MP: 5/5
   200 | D:1      | Reached XP level 2. HP: 8/13 MP: 1/6
   509 | D:1      | Learned a level 2 spell: Searing Ray
   552 | D:1      | Reached XP level 3. HP: 16/16 MP: 1/8
   721 | D:2      | Noticed Jessica
   725 | D:2      | Killed Jessica
   746 | D:2      | Noticed Sigmund
   775 | D:2      | Killed Sigmund
   775 | D:2      | Reached skill level 4 in Spellcasting
   775 | D:2      | Reached XP level 4. HP: 18/21 MP: 2/11
   775 | D:2      | Reached XP level 5. HP: 20/24 MP: 2/12
   829 | D:2      | Learned a level 5 spell: Iskenderun's Battlesphere
  1022 | D:2      | Noticed Ijyb
  1032 | D:2      | Killed Ijyb
  1215 | D:2      | Upgraded the game from 0.17-a0-737-gf0a300a to 0.17-a0-974-ga95afb0
  1561 | D:2      | Noticed Natasha
  1568 | D:2      | Killed Natasha
  1568 | D:2      | Reached skill level 5 in Conjurations
  1568 | D:2      | Reached XP level 6. HP: 18/28 MP: 5/13
  1990 | D:3      | Reached skill level 5 in Spellcasting
  1996 | D:3      | Learned a level 4 spell: Iskenderun's Mystic Blast
  2256 | D:3      | Upgraded the game from 0.17-a0-974-ga95afb0 to 0.17-a0-1020-ge683cc4
  2721 | D:3      | Noticed Robin
  2728 | D:3      | Killed Robin
  3161 | D:4      | Reached XP level 7. HP: 12/32 MP: 5/16
  3508 | D:4      | Found Eburphem's Elemental Accessories.
  3540 | D:4      | Found Miunupta's Weapon Boutique.
  3849 | D:4      | Noticed Kisielow's ghost (average MiFi)
  4124 | D:4      | Killed Kisielow's ghost
  4124 | D:4      | Reached skill level 6 in Spellcasting
  4124 | D:4      | Reached skill level 5 in Charms
  4233 | D:4      | Reached skill level 1 in Fighting
  4391 | D:5      | Entered Level 5 of the Dungeon
  4525 | D:5      | Found a sparkling altar of Nemelex Xobeh.
  4528 | D:5      | Found a glowing golden altar of the Shining One.
  4711 | D:5      | Reached skill level 7 in Charms
  4711 | D:5      | Reached XP level 8. HP: 36/39 MP: 18/18
  4797 | D:5      | Found a staircase to the Ecumenical Temple.
  4805 | Temple   | Entered the Ecumenical Temple
  4824 | Temple   | Became a worshipper of Vehumet
  5018 | D:5      | Identified a cursed +0 rod of destruction (11/11) (You found it on level 5 of the Dungeon)
  5039 | D:5      | Found a burning altar of Makhleb.
  5041 | D:5      | Found a blossoming altar of Fedhas.
  5583 | D:6      | Found Istreyn's General Store.
  5598 | D:6      | Bought a +2 robe of cold resistance for 230 gold pieces
  5618 | D:6      | Noticed Duvessa
  5654 | D:6      | Noticed Dowan
  5671 | D:6      | Killed Duvessa
  5802 | D:6      | Killed Dowan
  6088 | D:6      | Found a sacrificial altar of Ru.
  6555 | D:7      | Reached piety under Vehumet
  6555 | D:7      | Offered knowledge of Flame Tongue by Vehumet.
  6867 | D:7      | Found a shadowy altar of Dithmenos.
  7354 | D:7      | Found an iron altar of Okawaru.
  7387 | D:7      | Found Waid's Weapon Shoppe.
  7686 | D:8      | Noticed Prince Ribbit
  7726 | D:8      | Found a bloodstained altar of Trog.
  7751 | D:8      | Reached XP level 9. HP: 44/46 MP: 16/19
  7789 | D:8      | Reached skill level 5 in Fighting
  7798 | D:8      | Offered knowledge of Freeze by Vehumet.
  7959 | D:8      | Reached skill level 5 in Dodging
  8262 | D:8      | Killed Prince Ribbit
  8262 | D:8      | Reached skill level 1 in Shields
  8846 | D:9      | Found a runed door.
  8846 | D:9      | Found a glowing silver altar of Zin.
  8846 | D:9      | Noticed an angel
  8893 | D:9      | Offered knowledge of Throw Frost by Vehumet.
  9100 | D:9      | Reached skill level 8 in Dodging
  9102 | D:9      | Reached ** piety under Vehumet
  9127 | D:9      | Reached XP level 10. HP: 43/51 MP: 7/20
  9200 | D:9      | Found a staircase to the Lair.
  9479 | D:9      | Reached skill level 9 in Dodging
  9659 | D:9      | Found a flagged portal.
  9671 | Bailey   | Entered a bailey
  9684 | Bailey   | Noticed Quirrel's ghost (experienced FoFi)
  9688 | D:9      | Upgraded the game from 0.17-a0-1020-ge683cc4 to 0.17-a0-1210-g1e4f09d
  9798 | D:10     | Entered Level 10 of the Dungeon
 10000 | D:10     | Offered knowledge of Airstrike by Vehumet.
 10005 | D:10     | Reached skill level 10 in Dodging
 10012 | D:10     | Learned a level 4 spell: Airstrike
 10176 | D:10     | Reached skill level 1 in Air Magic
 10494 | D:10     | Reached skill level 5 in Shields
 10686 | D:10     | Reached *** piety under Vehumet
 10699 | D:10     | Reached skill level 5 in Stealth
 10853 | D:10     | Noticed Sonja
 10863 | D:10     | Killed Sonja
 11013 | D:10     | Offered knowledge of Sticky Flame by Vehumet.
 11277 | D:11     | Noticed a brown ugly thing
 11300 | D:11     | Killed a brown ugly thing
 11300 | D:11     | Reached XP level 11. HP: 55/55 MP: 6/21
 11391 | D:11     | Noticed a white ugly thing
 11450 | D:11     | Killed a white ugly thing
 11450 | D:11     | Reached skill level 5 in Air Magic
 11728 | D:11     | Noticed Snorg
 11774 | D:11     | Killed Snorg
 12829 | D:12     | Reached skill level 1 in Short Blades
 12836 | D:12     | Found a labyrinth entrance.
 12873 | Lab      | Entered a labyrinth
 13078 | Lab      | Noticed a minotaur
 13091 | Lab      | Killed a minotaur
 13103 | Lab      | Learned a level 2 spell: Blink
 13106 | Lab      | Learned a level 2 spell: Repel Missiles
 13109 | Lab      | Identified a +2 rod of ignition (10/10) (You found it in a labyrinth)
 13140 | D:12     | Noticed an unseen horror
 13147 | D:12     | Killed an unseen horror
 13179 | D:12     | Got an encrusted dagger
 13180 | D:12     | Identified the +8 dagger of Idoehod {flame, MR- Str+9} (You found it on level 12 of the Dungeon)
 13740 | D:12     | Offered knowledge of Poisonous Cloud by Vehumet.
 13783 | D:12     | Reached skill level 5 in Short Blades
 14076 | D:12     | Found a staircase to the Orcish Mines.
 14151 | D:12     | Noticed an unseen horror
 14172 | D:12     | Killed an unseen horror
 14172 | D:12     | Reached XP level 12. HP: 41/62 MP: 16/22
 14761 | D:12     | Noticed a centaur warrior
 14769 | D:12     | Reached skill level 1 in Evocations
 14774 | D:12     | Killed a centaur warrior
 15451 | Lair:1   | Entered Level 1 of the Lair of Beasts
 15492 | Lair:1   | Reached skill level 5 in Evocations
 16017 | Lair:1   | Offered knowledge of Olgreb's Toxic Radiance by Vehumet.
 17210 | Lair:2   | Identified a scroll of acquirement
 17487 | Lair:2   | Found a frozen archway.
 17524 | IceCv    | Entered an ice cave
 18431 | IceCv    | Got a scorched demon trident
 18469 | IceCv    | Identified the +8 demon trident of Quick Death {venom, rElec rPois rC- Dex+4} (You found it in an ice cave)
 18902 | Lair:2   | Reached skill level 10 in Short Blades
 19057 | Lair:2   | Reached XP level 13. HP: 53/67 MP: 23/23
 19154 | Lair:2   | Noticed a four-headed hydra
 19164 | Lair:2   | Killed a four-headed hydra
 19264 | Lair:2   | Noticed an eight-headed hydra
 19275 | Lair:2   | Killed an eight-headed hydra
 20139 | Lair:3   | Reached skill level 10 in Evocations
 20542 | Lair:3   | Reached skill level 1 in Translocations
 21411 | Lair:3   | Got a sparkling glass ring
 21413 | Lair:3   | Identified the ring "Bamavyet" {+Fly Int+4} (You found it on level 3 of the Lair of Beasts)
 21531 | Lair:3   | Reached skill level 5 in Translocations
 21994 | Lair:4   | Found a dark tunnel.
 22037 | Volcano  | Entered a volcano
 22350 | Volcano  | Reached skill level 11 in Dodging
 22369 | Volcano  | Reached skill level 10 in Stealth
 22657 | Lair:4   | Offered knowledge of Conjure Ball Lightning by Vehumet.
 22677 | Lair:4   | Learned a level 6 spell: Conjure Ball Lightning
 23098 | Lair:5   | Reached skill level 12 in Dodging
 23854 | Lair:5   | Reached XP level 14. HP: 17/73 MP: 18/28
 24785 | Lair:5   | Reached skill level 13 in Dodging
 25083 | Lair:5   | Identified Ziet's Collected Works on Blistering Attacks
 25129 | Lair:5   | Gained mutation: Your muscles are strong. (Str +2) [potion of beneficial mutation]
 25130 | Lair:5   | Gained mutation: You are partially covered in yellow scales (AC +2). [potion of beneficial mutation]
 25256 | Lair:6   | Offered knowledge of Bolt of Draining by Vehumet.
 25341 | Lair:6   | Found a hole to the Spider Nest.
 25652 | Lair:6   | Found a staircase to the Shoals.
 26563 | Lair:7   | Reached skill level 14 in Dodging
 26881 | Lair:7   | Offered knowledge of Spellforged Servitor by Vehumet.
 26911 | Lair:7   | Learned a level 7 spell: Spellforged Servitor
 27131 | Lair:7   | Found a staircase to the Slime Pits.
 27132 | Lair:7   | Found a viscous altar of Jiyva.
 28116 | Lair:8   | Entered Level 8 of the Lair of Beasts
 28393 | Lair:8   | Reached skill level 15 in Dodging
 28507 | Lair:8   | Reached skill level 10 in Fighting
 28673 | Lair:8   | Reached skill level 1 in Summonings
 30149 | Orc:1    | Entered Level 1 of the Orcish Mines
 31117 | Orc:3    | Found a staircase to the Elven Halls.
 31179 | Orc:3    | Offered knowledge of Iron Shot by Vehumet.
 31324 | Orc:3    | Noticed Harold
 31346 | Orc:3    | Killed Harold
 31413 | Orc:3    | Reached XP level 15. HP: 70/80 MP: 29/29
 32319 | Orc:4    | Entered Level 4 of the Orcish Mines
 32831 | Orc:4    | Found a burning altar of Makhleb.
 33933 | Orc:4    | Offered knowledge of Delayed Fireball by Vehumet.
 34155 | Orc:4    | Reached skill level 5 in Summonings
 34183 | Orc:4    | Found Cebbyed's Magic Scroll Boutique.
 34186 | Orc:4    | Found Eguhoud's Gadget Boutique.
 34187 | Orc:4    | Found Erapsocs's Food Boutique.
 34187 | Orc:4    | Found Zeoteulo's Assorted Antiques.
 34203 | Orc:4    | Bought a runed paperback book for 525 gold pieces
 34584 | D:13     | Got a distressingly furry robe
 34585 | D:13     | Identified the +1 robe of the Cockroach {Str-3 Int+4} (You found it on level 13 of the Dungeon)
 35183 | D:14     | Found a gate to the Vaults.
 35411 | D:14     | Found Miabb's General Store.
 35419 | D:14     | Bought a potion of heal wounds for 60 gold pieces
 36483 | D:14     | Offered knowledge of Lehudib's Crystal Spear by Vehumet.
 36483 | D:14     | Offered knowledge of Glaciate by Vehumet.
 36483 | D:14     | Offered knowledge of Tornado by Vehumet.
 36779 | D:15     | Entered Level 15 of the Dungeon
 36852 | D:15     | Found a staircase to the Depths.
 37011 | D:15     | Upgraded the game from 0.17-a0-1210-g1e4f09d to 0.17-a0-1373-g64d4c99
 37658 | D:15     | Reached skill level 10 in Conjurations
 38574 | Spider:1 | Entered Level 1 of the Spider Nest
 38876 | Spider:1 | Upgraded the game from 0.17-a0-1373-g64d4c99 to 0.17-a0-1387-g00d4e61
 39091 | Spider:2 | Reached XP level 16. HP: 85/85 MP: 30/30
 39828 | Spider:1 | Noticed Rupert
 39865 | Spider:1 | Upgraded the game from 0.17-a0-1387-g00d4e61 to 0.17-a0-1403-g9df874c
 39877 | Spider:1 | Killed Rupert
 40136 | Spider:1 | Noticed Agnes
 40157 | Spider:1 | Killed Agnes
 42400 | Spider:3 | Noticed Norris
 42474 | Spider:3 | Killed Norris
 42993 | Spider:3 | Noticed Nikola
 43030 | Spider:3 | Killed Nikola
 43073 | Spider:3 | Noticed Donald
 43327 | Spider:3 | Killed Donald
 43446 | Spider:3 | Reached skill level 10 in Summonings
 43447 | Spider:3 | Upgraded the game from 0.17-a0-1403-g9df874c to 0.18-a0
 44406 | Spider:4 | Noticed Louise
 44708 | Spider:3 | Killed Louise
 45181 | Spider:4 | Reached XP level 17. HP: 71/89 MP: 31/31
 45182 | Spider:4 | Upgraded the game from 0.18-a0 to 0.18-a0-27-g1f73fa3
 45182 | Spider:4 | Upgraded the game from 0.18-a0-27-g1f73fa3 to 0.18-a0-33-g9e10395
 45182 | Spider:4 | Quit the game

Vault maps used:
D:1:      erik_arrival_orb_chamber, lemuel_old_faithful
D:2:      first_bread, uniq_iyjb, uniq_sigmund, uniq_natasha, uniq_jessica
D:3:      kennysheep_goblin_castle
D:4:      serial_shops, shop, nicolae_elemental_shop
D:5:      nicolae_overflow_hidden_temple, minmay_temple_entry_fiery
D:6:      serial_shops, nicolae_shop_trees, nicolae_ru_the_path_less_chosen,
          uniq_duvessa
D:7:      old_standard_altar, okawaru_ov_weapons_minmay, serial_shops,
          shop_statue, grunt_ogre_cave
D:8:      bloody_trog, minivault_27, grunt_ministairs_2, uniq_prince_ribbit1
D:9:      dpeg_lair_monsters, enter_bailey_8, lemuel_angel_altar
D:10:     uniq_sonja
D:11:     uniq_snorg
D:12:     erik_orc_2, lab_entry_generic, minmay_diamond_spiral
D:14:     wad_bat_island, david_vaults_2, minmay_misc_feat_tiny, serial_shops,
          shop, serial_bayou_pond_a
D:15:     hangedman_depths_entry_civil_slaughter, serial_park_square3
Temple:   eino_temple_water_12
Lair:1:   beast_lair_carwin_9
Lair:2:   portal_ice_cave_entry_imps, serial_bayou_shore_a, grunt_megastairs_4
Lair:3:   grunt_megastairs_3
Lair:4:   enter_volcano_1
Lair:5:   ice2_lemuel
Lair:6:   elwin_shoals_entry_stream, spider_nest_entry_web_field
Lair:7:   slime_altar_1, wad_woods_antlair, infiniplex_staircase_pool
Lair:8:   hangedman_lair_tendril_chambers, minivault_26, wad_woods_road_03,
          lookout_lair_type
Spider:1: uniq_agnes, uniq_rupert
Spider:2: nicolae_spider_webs_and_nodes
Spider:3: nicolae_orb_stairs, uniq_norris, uniq_donald, uniq_nikola
Spider:4: uniq_louise
Orc:2:    nicolae_orc_lava_room
Orc:3:    nicolae_orc_pool_cavern, uniq_harold
Orc:4:    st_orc_pillars, bloody_makhleb
Lab:      labyrinth_hidden_loot, lab_block, lab_statue,
          nicolae_lab_flowing_pool, nicolae_lab_quarters
Bailey:   bailey_axe_1, bailey
IceCv:    ice_cave_small_demon
Volcano:  volcano_bunker

Action                   |  1- 3 |  4- 6 |  7- 9 | 10-12 | 13-15 | 16-18 || total
-------------------------+-------+-------+-------+-------+-------+-------++-------
Melee: Unarmed           |     4 |       |       |       |       |       ||     4
       Short sword       |    39 |    43 |    60 |       |       |       ||   142
       Dagger            |       |       |   109 |   477 |    78 |       ||   664
       Staff             |       |       |       |     9 |     8 |       ||    17
       Quick blade       |       |       |       |       |  2090 |   888 ||  2978
 Fire: Blowgun           |       |     9 |    63 |    87 |    20 |    46 ||   225
 Cast: Magic Dart        |    40 |   112 |   169 |   283 |   556 |     1 ||  1161
       Searing Ray       |     1 |     7 |    17 |     9 |       |       ||    34
       Iskenderun's Myst |       |       |     3 |   136 |   208 |    17 ||   364
       Iskenderun's Batt |       |       |     4 |    37 |    84 |     3 ||   128
       Airstrike         |       |       |       |     7 |     5 |       ||    12
       Repel Missiles    |       |       |       |     1 |     2 |       ||     3
       Blink             |       |       |       |       |     1 |     2 ||     3
       Spellforged Servi |       |       |       |       |       |     1 ||     1
 Abil: Evoke Flight      |       |       |       |       |     4 |       ||     4
       Evoke Invisibilit |       |       |       |       |       |     1 ||     1
Evoke: Rod               |       |       |       |    11 |    26 |     2 ||    39
       Wand              |       |       |       |       |     3 |     1 ||     4
       Staff of energy   |       |       |       |       |     1 |       ||     1
       Sack of spiders   |       |       |       |       |       |     3 ||     3
  Use: Scroll            |     3 |     9 |    14 |    16 |    20 |     1 ||    63
       Potion            |       |       |       |     2 |     4 |     6 ||    12
 Stab: Sleeping          |     1 |     3 |    12 |    12 |    60 |    21 ||   109
       Distracted        |       |       |     1 |     1 |     4 |     3 ||     9
       Invisible         |       |       |       |       |       |     3 ||     3
  Eat: Bread ration      |       |       |     1 |     3 |     3 |     1 ||     8
       Fruit             |       |       |       |     6 |    13 |       ||    19
       Pizza             |       |       |       |     2 |     2 |     1 ||     5
       Royal jelly       |       |       |       |       |       |     1 ||     1
